 Dungeon Crawl Stone Soup version 0.27-a0-1147-gb3d8e82157 (webtiles) character file.

Game seed: 4038759873847567200

26 DasRunzen the Ducker (level 2, 0/23 HPs)
             Began as a Demonspawn Gladiator on May 11, 2021.
             Was a Follower of Yredelemnul.
             Killed from afar by Sigmund (5 damage)
             ... with a magic dart
             ... on level 2 of the Dungeon.
             The game lasted 00:03:50 (1074 turns).

DasRunzen the Ducker (Demonspawn Gladiator)         Turns: 1074, Time: 00:03:51

Health: 0/23       AC:  7    Str: 14    XL:     2   Next: 89%
Magic:  2/2        EV: 12    Int:  9    God:    Yredelemnul [*.....]
Gold:   69         SH:  0    Dex: 14    Spells: 1/1 levels left

rFire    . . .     SeeInvis .   a - +0 long sword
rCold    . . .     Faith    .   (no shield)
rNeg     . . .     Spirit   .   b - +0 leather armour
rPois    .         Reflect  .   c - +0 helmet
rElec    .         Harm     .   (no cloak)
rCorr    .         Rampage  .   (no gloves)
Will     .....                  f - +0 pair of boots
Stlth    +.........             (no amulet)
HPRegen  0.07/turn              (no ring)
MPRegen  0.08/turn              (no ring)

@: confused, on berserk cooldown, slowed, very slow
A: icy blue scales 1
a: Renounce Religion, Animate Remains


You were on level 2 of the Dungeon.
You worshipped Yredelemnul.
Yredelemnul was aware of your devotion.
You visited 1 branch of the dungeon, and saw 2 of its levels.

You collected 69 gold pieces.

Inventory:

Hand Weapons
 a - a +0 long sword (weapon)
Missiles
 d - 3 throwing nets (quivered)
Armour
 b - a +0 leather armour (worn)
 c - a +0 helmet (worn)
 f - a +0 pair of boots (worn)
Scrolls
 j - a scroll of identify {unknown}
Potions
 h - a potion of curing
 i - 2 potions of heal wounds {unknown}


   Skills:
 + Level 2.4 Fighting
 + Level 3.0 Long Blades
 - Level 1.7 Throwing
 + Level 0.9 Armour
 + Level 3.0 Dodging
 + Level 0.0 Invocations


You had one spell level left.
You didn't know any spells.
Your spell library was empty.

Dungeon Overview and Level Annotations

Branches:
Dungeon (2/15)

Altars:
Yredelemnul
Zin

Annotations:
D:2 Sigmund


Innate Abilities, Weirdness & Mutations

You are partially covered in icy blue scales. (AC +2)


Message History

Something hits you but does no damage. Something hits you.
It was a potion of curing.
You feel better. Something hits you but does no damage.
There is a strange disturbance nearby!
There is a strange disturbance nearby!
There is a strange disturbance nearby!
You miss something.
You hear some strange, mumbled words.
Something tries to affect you, but you resist.
You hear some strange, mumbled words.
A puff of flame appears from out of thin air!
The puff of flame hits you but does no damage.
You completely miss something.
Your transformation is almost over.
Something hits you but does no damage. x2
You hit something.
You hear some strange, mumbled words.
A magic dart appears from out of thin air!
The magic dart hits you but does no damage.
Something completely misses you.
You hit something. Something hits you but does no damage.
You hear some strange, mumbled words.
You are confused.
You closely miss something. Something hits you but does no damage.
Something hits you!
You miss something.
Something hits you but does no damage. x2
You barely miss something.
You feel less wooden.
Your +0 helmet unmelds from your body.
Your +0 pair of boots unmelds from your body.
Your +0 leather armour unmelds from your body.
You hear some strange, mumbled words.
A puff of flame appears from out of thin air!
The puff of flame hits you.
* * * LOW HITPOINT WARNING * * *
You hear some strange, mumbled words.
A magic dart appears from out of thin air!
The magic dart hits you.
You die...
Your body rises from the dead as a mindless zombie.

... ##....# ..#
....#.....##...# .....
....#..........# .....
......._..##...# ......
#........##...## ......
#........###...##......
##......................
..........#.............
..........#.....@{.....#
......###.#............#
..#.....#.#..........###
###..................#
.......................
##.....................#
##.....................#
##.....................#
##.........##


There were no monsters in sight!

Vanquished Creatures
  A dart slug (D:1)
  4 bats
  2 giant cockroaches (D:1)
  A hobgoblin (D:1)
  4 jackals (D:1)
  A quokka (D:1)
  2 frilled lizards (D:1)
  A goblin (D:1)
  4 kobolds (D:1)
  4 rats
24 creatures vanquished.

Notes
Turn   | Place    | Note
-------+----------+-------------------------------------------
     0 | D:1      | DasRunzen the Demonspawn Gladiator began the quest for the
                  | Orb.
     0 | D:1      | Reached XP level 1. HP: 16/16 MP: 1/1
   198 | D:1      | Gained mutation: You are partially covered in icy blue
                  | scales. (AC +2) [demonic ancestry]
   198 | D:1      | Reached XP level 2. HP: 19/22 MP: 2/2
   964 | D:2      | Found a faded altar of an unknown god.
   979 | D:2      | Became a worshipper of Yredelemnul the Dark
   979 | D:2      | Reached * piety under Yredelemnul
  1042 | D:2      | Noticed Sigmund
  1074 | D:2      | Killed from afar by Sigmund

Illustrated notes

Levels and vault maps discovered:
D:1:      wander_arrival_peaceful_grave, layout_basic
D:2:      layout_basic, basic_ecumenical_altar, basic_altar, minmay_distorted,
          uniq_sigmund

Skill      XL: |  1  2 |
---------------+-------+-----
Dodging        | 3 |  3.0
Long Blades    | 3 |  3.0
Fighting       | |  2.4
Throwing       | |  1.7
Armour         | |  0.9

Action                   || total
-------------------------++-------
Melee: Long sword        ||    77
  Use: Potion            ||     3
Armor: Leather armour    ||    25
       Skin              ||    25
Dodge: Dodged            ||    58
       Rpst.: Long sword ||    16

Table legend: (Time is in decaauts)
 A = Elapsed time spent in this place.
 B = Non-inter-level travel time spent in this place.
 C = Inter-level travel time spent in this place.
 D = Time resting spent in this place.
 E = Time spent auto-exploring this place.
 F = Levels seen in this place.
 G = Mean time per level.
                   A        B        C        D        E       F      G
               +--------+--------+--------+--------+--------+-----+--------+
         Total |   1102 |   1077 |     25 |      0 |    865 |   2 |  551.0 |
       Dungeon |   1102 |   1077 |     25 |      0 |    865 |   2 |  551.0 |
               +--------+--------+--------+--------+--------+-----+--------+

Top non-repeatable levels by time:
     D:1: 911 daAuts
     D:2: 191 daAuts
